MINNESOTA Wild vs DALLAS Stars (R3)

Created - 4 avril 2019 at 15:56

Goals
1 2 3 T
MINNESOTA Wild 2 1 1 4
DALLAS Stars 2 0 0 2
Shots
1 2 3 T
MINNESOTA Wild 12 8 6 26
DALLAS Stars 8 6 11 25

1st period

1. DALLAS Stars , Tanner Fritz 5 (Eric Gelinas 13, Chris Stewart 20) at 1:20
2. DALLAS Stars , MacKenzie Weegar 7 (Dale Weise 9, Jamie McGinn 17) at 3:52 (PP)
3. MINNESOTA Wild , Nikita Kucherov 46 (Ryan Getzlaf 53, Morgan Rielly 36) at 9:00 (PP)
4. MINNESOTA Wild , J.T. Miller 18 (Zach Werenski 25, Taylor Hall 49) at 15:41

Penalties :
Mark Borowiecki (MIN) for Roughing (Minor) at 2:36, Mark Barberio (DAL) for Fighting (Major) at 8:36, Taylor Hall (MIN) for Fighting (Major) at 8:36, MacKenzie Weegar (DAL) for Fighting (Major) at 8:36, J.T. Miller (MIN) for Fighting (Major) at 8:36, Lee Stempniak (DAL) for Fighting (Major) at 8:36, Ron Hainsey (MIN) for Fighting (Major) at 8:36, Tyler Ennis (DAL) for Roughing (Minor) at 8:36, Zach Werenski (MIN) for Roughing (Minor) at 8:36, Dale Weise (DAL) for High sticking (Minor) at 8:36, J.T. Miller (MIN) for Hooking (Minor) at 18:05

2nd period

5. MINNESOTA Wild , Taylor Hall 38 (Alex Pietrangelo 50, J.T. Miller 30) at 8:36

Penalties :
Yanni Gourde (MIN) for Elbowing (Minor) at 8:53, Dalton Prout (DAL) for Interference (Minor) at 15:01

3rd period

6. MINNESOTA Wild , Nikita Kucherov 47 (Ryan Getzlaf 54, Alex Pietrangelo 51) at 10:49

Penalties :
MacKenzie Weegar (DAL) for Hooking (Minor) at 11:45

Goalie Stats

Pekka Rinne (MIN), 23 saves from 25 shots - (0,920), W, 45-16-3, 60:00 minutes
Steve Mason (DAL), 22 saves from 26 shots - (0,846), L, 17-27-7, 60:00 minutes

Players Stats for MINNESOTA Wild

Player Name              G  A  P  +/- PIM S  H  SB GA TA FO     MP     PP MP  PK MP  
------------------------------------------------------------------------------------
Alex Pietrangelo         0  2  2   2  0   0  1  1  0  0  0/0    21:32   0:18   2:34 
Alexander Kerfoot        0  0  0   0  0   0  1  0  0  0  0/2     7:19   1:17   0:51 
J.T. Miller              1  1  2   2  7   2  3  0  0  0  0/0    16:50   2:08   0:36 
James van Riemsdyk       0  0  0   1  0   1  0  0  0  0  0/0    18:58   2:46   0:00 
Jean-Gabriel Pageau      0  0  0   0  0   1  2  0  0  0  2/4    10:03   0:38   2:19 
Kyle Okposo              0  0  0  -1  0   0  1  0  0  0  0/0    11:23   0:00   0:00 
Marc-Edouard Vlasic      0  0  0   2  0   2  5  0  0  0  0/0    24:22   3:32   2:34 
Mark Borowiecki          0  0  0  -1  2   0  6  1  0  0  0/0    14:30   0:18   0:00 
Morgan Rielly            0  1  1  -1  0   0  0  0  0  0  0/0    19:42   3:00   2:40 
Nikita Kucherov          2  0  2   1  0   6  2  0  0  0  0/2    22:50   2:47   3:27 
Ron Hainsey              0  0  0   1  5   1  5  4  0  0  0/0    20:02   1:43   2:40 
Ryan Getzlaf             0  2  2   1  0   3  1  0  0  0  18/24  17:47   0:00   1:11 
Sean Monahan             0  0  0   2  0   2  1  0  0  0  15/22  18:11   2:08   0:00 
Taylor Hall              1  1  2   2  5   3  1  0  0  0  0/0    15:57   1:50   0:00 
Tom Pyatt                0  0  0   0  0   0  0  0  0  0  0/0     5:11   0:00   0:00 
Vladislav Namestnikov    0  0  0  -1  0   2  1  0  0  0  6/15   12:56   0:18   0:00 
Yanni Gourde             0  0  0  -1  2   1  0  1  0  0  7/12   16:53   2:47   2:04 
Zach Werenski            0  1  1   1  2   2  2  1  0  0  0/0    19:49   2:15   0:00 

Players Stats for DALLAS Stars

Player Name              G  A  P  +/- PIM S  H  SB GA TA FO     MP     PP MP  PK MP  
------------------------------------------------------------------------------------
Ben Hutton               0  0  0  -1  0   0  1  3  0  0  0/0    24:54   2:31   3:39 
Chris Kunitz             0  0  0  -1  0   1  1  0  0  0  2/2    19:02   2:20   3:39 
Chris Stewart            0  1  1  -1  0   3  4  0  0  0  2/5    16:53   0:34   0:00 
Connor Murphy            0  0  0  -1  0   2  4  0  0  0  0/0    22:59   0:12   3:37 
Dale Weise               0  1  1   0  2   0  0  0  0  0  0/0     1:47   0:12   0:00 
Dalton Prout             0  0  0   1  2   1  3  1  0  0  0/0    18:33   2:43   1:25 
Derek Ryan               0  0  0   0  0   2  0  1  0  0  8/22   17:53   0:00   0:00 
Eric Fehr                0  0  0  -1  0   2  0  0  0  0  6/19   15:37   0:44   0:00 
Eric Gelinas             0  1  1   1  0   0  3  1  0  0  0/0    19:02   3:03   2:27 
Jamie McGinn             0  1  1  -1  0   0  0  0  0  0  1/2    14:36   2:20   0:00 
Lee Stempniak            0  0  0   0  5   2  0  0  0  0  1/5    11:02   2:54   0:35 
MacKenzie Weegar         1  0  1  -2  7   2  1  0  0  0  0/0    16:46   1:59   0:43 
Mark Barberio            0  0  0  -2  5   1  0  2  0  0  0/0    14:28   0:00   0:03 
Mikkel Boedker           0  0  0   0  0   2  1  0  0  0  1/2    21:19   2:20   2:09 
Milan Lucic              0  0  0   0  0   2  2  0  0  0  5/7    21:36   1:24   3:22 
Scott Hartnell           0  0  0  -1  0   0  4  0  0  0  2/2    17:23   2:54   1:45 
Tanner Fritz             1  0  1  -1  0   4  0  0  0  0  4/13   11:54   0:00   0:00 
Tyler Ennis              0  0  0   0  2   1  0  0  0  0  1/2     7:48   0:00   0:00 

3 Stars

1 - Nikita Kucherov (MIN)
2 - Alex Pietrangelo (MIN)
3 - Ryan Getzlaf (MIN)

Power Play

MINNESOTA Wild - 1 on 3 Attempt(s) - 33,33%
DALLAS Stars - 1 on 3 Attempt(s) - 33,33%

Penalty Kill

MINNESOTA Wild - 2 on 3 Attempt(s) - 66,67% - Score 0 goal in Penalty Kill
DALLAS Stars - 2 on 3 Attempt(s) - 66,67% - Score 0 goal in Penalty Kill

Team Stat

MINNESOTA Wild - Hits : 32 - Faceoff Wins : 48 - Blocked Shots : 8 - Penalty Minutes : 23
DALLAS Stars - Hits : 24 - Faceoff Wins : 33 - Blocked Shots : 8 - Penalty Minutes : 23

Official

Referees : Unknown
Linesman : Unknown

Game Notes

General Fight at 8:36 of 1st period
Taylor Hall beats up Mark Barberio at 8:36 of 1st period
MacKenzie Weegar and J.T. Miller fight to a draw at 8:36 of 1st period
Lee Stempniak and Ron Hainsey fight to a draw at 8:36 of 1st period
Dale Weise is injured at 12:58 of 1st period (Left Foot)

Finance

Level 1 -- Attendance: 4122 (63,42%) -- Ticket Income 494 640 $
Level 2 -- Attendance: 3270 (54,50%) -- Ticket Income 222 360 $
Level 3 -- Attendance: 2145 (53,63%) -- Ticket Income 72 930 $
Level 4 -- Attendance: 2398 (53,29%) -- Ticket Income 71 940 $
Luxury Box -- Attendance: 685 (68,50%) -- Ticket Income 150 700 $
Game was played at the American Airlines Center.
Total Attendance: 12620 (57,36%)
Total Ticket Income: 1 012 570 $
Other Income: 394 902 $
Total Income: 1 407 472 $

MINNESOTA Wild

5 vs 5 Forward 
   Center                   Left Wing                Right Wing               Time % Phy DF OF 
 1 Ryan Getzlaf             James van Riemsdyk       Nikita Kucherov          40     0   1  4  
 2 Sean Monahan             Taylor Hall              J.T. Miller              34     1   1  3  
 3 Vladislav Namestnikov    Yanni Gourde             Kyle Okposo              20     0   2  3  
 4 Jean-Gabriel Pageau      Alexander Kerfoot        Tom Pyatt                6      1   3  1  

5 vs 5 Defense 
   Defense                  Defense                                           Time % Phy DF OF 
 1 Alex Pietrangelo         Marc-Edouard Vlasic                               40     1   2  2  
 2 Ron Hainsey              Zach Werenski                                     30     1   2  2  
 3 Morgan Rielly            Mark Borowiecki                                   20     1   2  2  
 4 Alex Pietrangelo         Marc-Edouard Vlasic                               10     1   2  2  

PowerPlay Forward 
   Center                   Left Wing                Right Wing               Time % Phy DF OF 
 1 Yanni Gourde             Taylor Hall              Nikita Kucherov          60     0   0  5  
 2 Sean Monahan             James van Riemsdyk       J.T. Miller              40     0   1  4  

PowerPlay Defense
   Defense                  Defense                                           Time % Phy DF OF 
 1 Ron Hainsey              Morgan Rielly                                     60     0   1  4  
 2 Zach Werenski            Marc-Edouard Vlasic                               40     0   2  3  

Penalty Kill 4 Players Forward 
   Center                   Wing                     Time % Phy DF OF 
 1 Yanni Gourde             Nikita Kucherov          60     1   3  1  
 2 Ryan Getzlaf             Jean-Gabriel Pageau      40     0   4  1  

Penalty Kill 4 Players Defense
   Defense                  Defense                  Time % Phy DF OF 
 1 Alex Pietrangelo         Marc-Edouard Vlasic      60     1   3  1  
 2 Ron Hainsey              Morgan Rielly            40     1   3  1  

Penalty Kill - 3 Players Forward 
   Forward                                           Time % Phy DF OF 
 1 Ryan Getzlaf                                      55     1   4  0  
 2 Yanni Gourde                                      45     0   4  1  

Penalty Kill - 3 Players Defense
   Defense                  Defense                  Time % Phy DF OF 
 1 Alex Pietrangelo         Mark Borowiecki          60     1   4  0  
 2 Ron Hainsey              Morgan Rielly            40     1   4  0  

4 vs 4 Forward 
   Center                   Wing                     Time % Phy DF OF 
 1 Taylor Hall              Yanni Gourde             60     0   2  3  
 2 Ryan Getzlaf             Nikita Kucherov          40     0   0  5  

4 vs 4 Defense
   Defense                  Defense                  Time % Phy DF OF 
 1 Ron Hainsey              Zach Werenski            60     1   3  1  
 2 Alex Pietrangelo         Morgan Rielly            40     0   2  3  

Last Minutes Offensive
   Center                   Left Wing                Right Wing               Defense                  Defense                  
   Ryan Getzlaf             Taylor Hall              Nikita Kucherov          Alex Pietrangelo         Morgan Rielly            

Last Minutes Defensive
   Center                   Left Wing                Right Wing               Defense                  Defense                  
   Ryan Getzlaf             Yanni Gourde             Jean-Gabriel Pageau      Alex Pietrangelo         Marc-Edouard Vlasic      

Goaltenders
Starting : Pekka Rinne              
Backup : John Gibson              

Extra Forwards
Normal : Vladislav Namestnikov, Yanni Gourde, Taylor Hall - PP : Nikita Kucherov, Yanni Gourde - PK : Jean-Gabriel Pageau
Extra Defensemen
Normal : Mark Borowiecki, Morgan Rielly, Ron Hainsey - PP : Ron Hainsey - PK : Zach Werenski, Mark Borowiecki
Penalty Shots
Nikita Kucherov, James van Riemsdyk, Taylor Hall, Sean Monahan, Yanni Gourde

DALLAS Stars

5 vs 5 Forward 
   Center                   Left Wing                Right Wing               Time % Phy DF OF 
 1 Derek Ryan               Milan Lucic              Mikkel Boedker           40     1   2  2  
 2 Eric Fehr                Chris Kunitz             Jamie McGinn             30     1   2  2  
 3 Tanner Fritz             Scott Hartnell           Chris Stewart            20     1   2  2  
 4 Dale Weise               Tyler Ennis              Lee Stempniak            10     1   2  2  

5 vs 5 Defense 
   Defense                  Defense                                           Time % Phy DF OF 
 1 Connor Murphy            Ben Hutton                                        40     1   2  2  
 2 Mark Barberio            MacKenzie Weegar                                  30     1   2  2  
 3 Dalton Prout             Eric Gelinas                                      20     1   2  2  
 4 Connor Murphy            Ben Hutton                                        10     1   2  2  

PowerPlay Forward 
   Center                   Left Wing                Right Wing               Time % Phy DF OF 
 1 Lee Stempniak            Scott Hartnell           Mikkel Boedker           60     1   2  2  
 2 Milan Lucic              Chris Kunitz             Jamie McGinn             40     1   2  2  

PowerPlay Defense
   Defense                  Defense                                           Time % Phy DF OF 
 1 Ben Hutton               Eric Gelinas                                      60     1   2  2  
 2 Dalton Prout             MacKenzie Weegar                                  40     1   2  2  

Penalty Kill 4 Players Forward 
   Center                   Wing                     Time % Phy DF OF 
 1 Milan Lucic              Chris Kunitz             60     1   2  2  
 2 Scott Hartnell           Mikkel Boedker           40     1   2  2  

Penalty Kill 4 Players Defense
   Defense                  Defense                  Time % Phy DF OF 
 1 Ben Hutton               Dalton Prout             60     1   2  2  
 2 Eric Gelinas             MacKenzie Weegar         40     1   2  2  

Penalty Kill - 3 Players Forward 
   Forward                                           Time % Phy DF OF 
 1 Mikkel Boedker                                    60     1   2  2  
 2 Chris Kunitz                                      40     1   2  2  

Penalty Kill - 3 Players Defense
   Defense                  Defense                  Time % Phy DF OF 
 1 Ben Hutton               Dalton Prout             60     1   2  2  
 2 Eric Gelinas             MacKenzie Weegar         40     1   2  2  

4 vs 4 Forward 
   Center                   Wing                     Time % Phy DF OF 
 1 Milan Lucic              Chris Kunitz             60     1   2  2  
 2 Scott Hartnell           Mikkel Boedker           40     1   2  2  

4 vs 4 Defense
   Defense                  Defense                  Time % Phy DF OF 
 1 Ben Hutton               Eric Gelinas             60     1   2  2  
 2 Dalton Prout             MacKenzie Weegar         40     1   2  2  

Last Minutes Offensive
   Center                   Left Wing                Right Wing               Defense                  Defense                  
   Derek Ryan               Milan Lucic              Mikkel Boedker           Connor Murphy            Ben Hutton               

Last Minutes Defensive
   Center                   Left Wing                Right Wing               Defense                  Defense                  
   Derek Ryan               Milan Lucic              Mikkel Boedker           Connor Murphy            Ben Hutton               

Goaltenders
Starting : Steve Mason              
Backup : Scott Darling            

Extra Forwards
Normal : Dale Weise, Chris Stewart, Lee Stempniak - PP : Dale Weise, Chris Stewart - PK : Lee Stempniak
Extra Defensemen
Normal : Dalton Prout, Eric Gelinas, MacKenzie Weegar - PP : Dalton Prout - PK : Eric Gelinas, Dalton Prout
Penalty Shots
Lee Stempniak, Chris Kunitz, Scott Hartnell, Mikkel Boedker, Jamie McGinn


% Time on Ice - MINNESOTA Wild

Lines # - Real PCT - Wanted PCT - Time Play
Normal Forward
1 - 33% - 40% - 16:12
2 - 33% - 34% - 16:03
3 - 23% - 20% - 11:23
4 - 11% - 6% - 5:11
Normal Defense
1 - 36% - 40% - 17:20
2 - 36% - 30% - 17:35
3 - 27% - 20% - 12:58
4 - 2% - 10% - 0:56
PP Forward
1 - 50% - 60% - 2:47
2 - 50% - 40% - 2:46
PP Defense
1 - 36% - 60% - 2:01
2 - 64% - 40% - 3:32
PK Forward
1 - 77% - 60% - 4:03
2 - 23% - 40% - 1:11
PK Defense
1 - 49% - 60% - 2:34
2 - 51% - 40% - 2:40
PK3 Forward
1 - 0% - 55%
2 - 0% - 45%
PK3 Defense
1 - 0% - 60%
2 - 0% - 40%
44 Forward
1 - 0% - 60% - 0:00
2 - 100% - 40% - 0:24
44 Defense
1 - 0% - 60% - 0:00
2 - 100% - 40% - 0:24
Last Minute Offensive  - 0:00
Last Minute Defensive  - 0:00
Total
Forward - 60:00
Defense - 60:00

% Time on Ice - DALLAS Stars

Lines # - Real PCT - Wanted PCT - Time Play
Normal Forward
1 - 34% - 40% - 16:50
2 - 25% - 30% - 12:16
3 - 24% - 20% - 11:54
4 - 16% - 10% - 7:49
Normal Defense
1 - 36% - 40% - 17:21
2 - 38% - 30% - 18:29
3 - 23% - 20% - 11:17
4 - 3% - 10% - 1:42
PP Forward
1 - 55% - 60% - 2:54
2 - 45% - 40% - 2:20
PP Defense
1 - 62% - 60% - 3:15
2 - 38% - 40% - 1:59
PK Forward
1 - 68% - 60% - 3:48
2 - 32% - 40% - 1:45
PK Defense
1 - 51% - 60% - 2:49
2 - 49% - 40% - 2:44
PK3 Forward
1 - 100% - 60% - 0:24
2 - 0% - 40% - 0:00
PK3 Defense
1 - 100% - 60% - 0:24
2 - 0% - 40% - 0:00
44 Forward
1 - 0% - 60%
2 - 0% - 40%
44 Defense
1 - 0% - 60%
2 - 0% - 40%
Last Minute Offensive  - 0:00
Last Minute Defensive  - 0:00
Total
Forward - 60:00
Defense - 60:00

Play-by-Play

1st period


0:01 of 1st period - Ryan Getzlaf wins face-off versus Derek Ryan in neutral zone.
0:01 of 1st period - Ryan Getzlaf is hit by Milan Lucic.
0:17 of 1st period - Shot by Nikita Kucherov.
0:17 of 1st period - Stopped by Steve Mason without a rebound.
0:18 of 1st period - Eric Fehr wins face-off versus Sean Monahan in DALLAS Stars zone.
0:18 of 1st period - Eric Fehr is hit by Sean Monahan.
0:29 of 1st period - Sean Monahan is hit by MacKenzie Weegar and loses puck.
0:40 of 1st period - Shot by Taylor Hall.
0:40 of 1st period - Stopped by Steve Mason with a rebound.
0:42 of 1st period - Shot by Ron Hainsey.
0:42 of 1st period - Shot Blocked by Mark Barberio.
0:44 of 1st period - Shot by Ron Hainsey.
0:44 of 1st period - Shot Misses the Net.
0:55 of 1st period - Shot by J.T. Miller.
0:55 of 1st period - Shot Blocked by Mark Barberio.
0:57 of 1st period - Shot by Sean Monahan.
0:57 of 1st period - Stopped by Steve Mason without a rebound.
0:58 of 1st period - Vladislav Namestnikov wins face-off versus Tanner Fritz in DALLAS Stars zone.
1:05 of 1st period - Mark Borowiecki is hit by Scott Hartnell and loses puck.
1:12 of 1st period - Shot by Chris Stewart.
1:12 of 1st period - Stopped by Pekka Rinne with a rebound.
1:14 of 1st period - Shot by Eric Gelinas.
1:14 of 1st period - Shot Blocked by Mark Borowiecki.
1:20 of 1st period - Shot by Tanner Fritz.
1:20 of 1st period - Goal by Tanner Fritz - MINNESOTA Wild : 0 - DALLAS Stars : 1.
1:21 of 1st period - Ryan Getzlaf wins face-off versus Derek Ryan in neutral zone.
1:28 of 1st period - Shot by Nikita Kucherov.
1:28 of 1st period - Shot Blocked by Derek Ryan.
1:30 of 1st period - Shot by Alex Pietrangelo.
1:30 of 1st period - Shot Blocked by Ben Hutton.
1:34 of 1st period - Shot by Nikita Kucherov.
1:34 of 1st period - Shot Misses the Net.
1:54 of 1st period - Shot by Ryan Getzlaf.
1:54 of 1st period - Shot Misses the Net.
2:23 of 1st period - Morgan Rielly is hit by Dalton Prout and loses puck.
2:35 of 1st period - Lee Stempniak is hit by Mark Borowiecki.
2:36 of 1st period - Minor Penalty to Mark Borowiecki for Roughing.
2:37 of 1st period - Milan Lucic wins face-off versus Nikita Kucherov in MINNESOTA Wild zone.
2:42 of 1st period - Shot by Chris Kunitz.
2:42 of 1st period - Shot Blocked by Ron Hainsey.
3:23 of 1st period - Lee Stempniak is hit by Ron Hainsey and loses puck.
3:32 of 1st period - Shot by Scott Hartnell.
3:32 of 1st period - Shot Misses the Net.
3:34 of 1st period - Shot by Eric Gelinas.
3:34 of 1st period - Shot Misses the Net.
3:36 of 1st period - Shot by Scott Hartnell.
3:36 of 1st period - Shot Misses the Net.
3:38 of 1st period - Shot by Eric Gelinas.
3:38 of 1st period - Shot Blocked by Ron Hainsey.
3:40 of 1st period - Shot by Lee Stempniak.
3:40 of 1st period - Stopped by Pekka Rinne without a rebound.
3:41 of 1st period - Chris Kunitz wins face-off versus Yanni Gourde in MINNESOTA Wild zone.
3:46 of 1st period - Shot by Dale Weise.
3:46 of 1st period - Shot Misses the Net.
3:50 of 1st period - Shot by Dale Weise.
3:50 of 1st period - Shot Misses the Net.
3:52 of 1st period - Shot by MacKenzie Weegar.
3:52 of 1st period - Goal by MacKenzie Weegar - MINNESOTA Wild : 0 - DALLAS Stars : 2.
3:53 of 1st period - Tanner Fritz wins face-off versus Sean Monahan in neutral zone.
3:53 of 1st period - Scott Hartnell is hit by J.T. Miller and loses puck.
3:58 of 1st period - Shot by MacKenzie Weegar.
3:58 of 1st period - Shot Misses the Net.
4:00 of 1st period - Shot by MacKenzie Weegar.
4:00 of 1st period - Shot Hit the Post.
4:08 of 1st period - Shot by J.T. Miller.
4:08 of 1st period - Stopped by Steve Mason without a rebound.
4:09 of 1st period - Eric Fehr wins face-off versus Vladislav Namestnikov in DALLAS Stars zone.
4:14 of 1st period - Connor Murphy is hit by Kyle Okposo and loses puck.
4:21 of 1st period - Shot by Vladislav Namestnikov.
4:21 of 1st period - Stopped by Steve Mason without a rebound.
4:22 of 1st period - Ryan Getzlaf wins face-off versus Tanner Fritz in DALLAS Stars zone.
4:27 of 1st period - Shot by Ryan Getzlaf.
4:27 of 1st period - Stopped by Steve Mason without a rebound.
4:28 of 1st period - Sean Monahan wins face-off versus Derek Ryan in DALLAS Stars zone.
4:43 of 1st period - Shot by Mikkel Boedker.
4:43 of 1st period - Stopped by Pekka Rinne without a rebound.
4:44 of 1st period - Eric Fehr wins face-off versus Ryan Getzlaf in MINNESOTA Wild zone.
5:50 of 1st period - Shot by Taylor Hall.
5:50 of 1st period - Shot Misses the Net.
5:52 of 1st period - Shot by Sean Monahan.
5:52 of 1st period - Stopped by Steve Mason without a rebound.
5:53 of 1st period - Derek Ryan wins face-off versus Vladislav Namestnikov in DALLAS Stars zone.
6:10 of 1st period - Shot by Vladislav Namestnikov.
6:10 of 1st period - Shot Misses the Net.
6:33 of 1st period - Icing by Morgan Rielly.
6:34 of 1st period - Tanner Fritz wins face-off versus Vladislav Namestnikov in MINNESOTA Wild zone.
6:37 of 1st period - Shot by Tanner Fritz.
6:37 of 1st period - Stopped by Pekka Rinne without a rebound.
6:38 of 1st period - Sean Monahan wins face-off versus Tanner Fritz in MINNESOTA Wild zone.
6:38 of 1st period - Sean Monahan is hit by Chris Stewart.
6:46 of 1st period - Icing by Eric Gelinas.
6:47 of 1st period - Ryan Getzlaf wins face-off versus Tanner Fritz in DALLAS Stars zone.
6:48 of 1st period - Shot by Nikita Kucherov.
6:48 of 1st period - Stopped by Steve Mason without a rebound.
6:49 of 1st period - Sean Monahan wins face-off versus Derek Ryan in DALLAS Stars zone.
6:52 of 1st period - Shot by Taylor Hall.
6:52 of 1st period - Shot Misses the Net.
7:00 of 1st period - Derek Ryan is hit by J.T. Miller and loses puck.
7:16 of 1st period - Mikkel Boedker is hit by Ron Hainsey and loses puck.
7:22 of 1st period - Milan Lucic is hit by Ron Hainsey and loses puck.
7:30 of 1st period - Derek Ryan is hit by Zach Werenski and loses puck.
7:43 of 1st period - Zach Werenski is hit by Scott Hartnell and loses puck.
7:55 of 1st period - Scott Hartnell is hit by Ron Hainsey and loses puck.
8:26 of 1st period - MacKenzie Weegar is hit by Taylor Hall and loses puck.
8:36 of 1st period - Taylor Hall beats up Mark Barberio.
8:36 of 1st period - Penalty to Mark Barberio for Fighting.
8:36 of 1st period - Penalty to Taylor Hall for Fighting.
8:36 of 1st period - MacKenzie Weegar and J.T. Miller fight to a draw.
8:36 of 1st period - Penalty to MacKenzie Weegar for Fighting.
8:36 of 1st period - Penalty to J.T. Miller for Fighting.
8:36 of 1st period - Lee Stempniak and Ron Hainsey fight to a draw.
8:36 of 1st period - Penalty to Lee Stempniak for Fighting.
8:36 of 1st period - Penalty to Ron Hainsey for Fighting.
8:36 of 1st period - Minor Penalty to Tyler Ennis for Roughing.
8:36 of 1st period - Minor Penalty to Zach Werenski for Roughing.
8:36 of 1st period - Minor Penalty to Dale Weise for High sticking.
8:37 of 1st period - Ryan Getzlaf wins face-off versus Mikkel Boedker in DALLAS Stars zone.
8:40 of 1st period - Shot by Ryan Getzlaf.
8:40 of 1st period - Deflect By Nikita Kucherov.
8:40 of 1st period - Shot Misses the Net.
9:00 of 1st period - Shot by Ryan Getzlaf.
9:00 of 1st period - Deflect By Nikita Kucherov.
9:00 of 1st period - Goal by Nikita Kucherov - MINNESOTA Wild : 1 - DALLAS Stars : 2.
9:01 of 1st period - Milan Lucic wins face-off versus Yanni Gourde in neutral zone.
9:18 of 1st period - Shot by Nikita Kucherov.
9:18 of 1st period - Shot Misses the Net.
9:28 of 1st period - Milan Lucic is hit by Alexander Kerfoot and loses puck.
9:37 of 1st period - Shot by Yanni Gourde.
9:37 of 1st period - Shot Misses the Net.
9:39 of 1st period - Shot by Marc-Edouard Vlasic.
9:39 of 1st period - Stopped by Steve Mason without a rebound.
9:40 of 1st period - Scott Hartnell wins face-off versus Alexander Kerfoot in DALLAS Stars zone.
9:47 of 1st period - Icing by Marc-Edouard Vlasic.
9:48 of 1st period - Milan Lucic wins face-off versus Alexander Kerfoot in MINNESOTA Wild zone.
10:36 of 1st period - Nikita Kucherov is hit by Connor Murphy and loses puck.
11:19 of 1st period - Dalton Prout is hit by Mark Borowiecki and loses puck.
11:38 of 1st period - Shot by Derek Ryan.
11:38 of 1st period - Shot Misses the Net.
12:14 of 1st period - Shot by James van Riemsdyk.
12:14 of 1st period - Shot Misses the Net.
12:16 of 1st period - Shot by Marc-Edouard Vlasic.
12:16 of 1st period - Shot Misses the Net.
12:18 of 1st period - Shot by Ryan Getzlaf.
12:18 of 1st period - Shot Misses the Net.
12:39 of 1st period - Tyler Ennis is hit by Marc-Edouard Vlasic and loses puck.
12:52 of 1st period - Icing by Nikita Kucherov.
12:53 of 1st period - Ryan Getzlaf wins face-off versus Tyler Ennis in MINNESOTA Wild zone.
12:53 of 1st period - Ryan Getzlaf is hit by Chris Stewart.
12:56 of 1st period - Icing by Alex Pietrangelo.
12:57 of 1st period - Tyler Ennis wins face-off versus Ryan Getzlaf in MINNESOTA Wild zone.
12:57 of 1st period - Dale Weise is hit by Marc-Edouard Vlasic and loses puck.
12:58 of 1st period - Dale Weise from DALLAS Stars is injured at 12:58 of 1st period (Left Foot).
12:59 of 1st period - Eric Fehr wins face-off versus Sean Monahan in MINNESOTA Wild zone.
13:00 of 1st period - Shot by Tyler Ennis.
13:00 of 1st period - Deflect By Chris Stewart.
13:00 of 1st period - Stopped by Pekka Rinne without a rebound.
13:01 of 1st period - Sean Monahan wins face-off versus Tanner Fritz in MINNESOTA Wild zone.
13:17 of 1st period - Sean Monahan is hit by Dalton Prout and loses puck.
14:59 of 1st period - Icing by Mark Borowiecki.
15:00 of 1st period - Vladislav Namestnikov wins face-off versus Eric Fehr in MINNESOTA Wild zone.
15:07 of 1st period - Icing by MacKenzie Weegar.
15:08 of 1st period - Sean Monahan wins face-off versus Eric Fehr in DALLAS Stars zone.
15:15 of 1st period - Shot by Sean Monahan.
15:15 of 1st period - Shot Misses the Net.
15:17 of 1st period - Shot by Ron Hainsey.
15:17 of 1st period - Shot Misses the Net.
15:19 of 1st period - Shot by Ron Hainsey.
15:19 of 1st period - Shot Misses the Net.
15:41 of 1st period - Shot by J.T. Miller.
15:41 of 1st period - Goal by J.T. Miller - MINNESOTA Wild : 2 - DALLAS Stars : 2.
15:42 of 1st period - Ryan Getzlaf wins face-off versus Derek Ryan in neutral zone.
17:26 of 1st period - Shot by Vladislav Namestnikov.
17:26 of 1st period - Shot Misses the Net.
17:34 of 1st period - Shot by Kyle Okposo.
17:34 of 1st period - Shot Misses the Net.
17:36 of 1st period - Shot by Ron Hainsey.
17:36 of 1st period - Stopped by Steve Mason without a rebound.
17:37 of 1st period - Sean Monahan wins face-off versus Eric Fehr in DALLAS Stars zone.
17:42 of 1st period - Shot by J.T. Miller.
17:42 of 1st period - Shot Misses the Net.
18:05 of 1st period - Minor Penalty to J.T. Miller for Hooking.
18:06 of 1st period - Yanni Gourde wins face-off versus Lee Stempniak in MINNESOTA Wild zone.
18:39 of 1st period - Shot by Dalton Prout.
18:39 of 1st period - Stopped by Pekka Rinne without a rebound.
18:40 of 1st period - Yanni Gourde wins face-off versus Eric Fehr in MINNESOTA Wild zone.
18:54 of 1st period - Icing by Jamie McGinn.
18:55 of 1st period - Yanni Gourde wins face-off versus Jamie McGinn in DALLAS Stars zone.
18:55 of 1st period - Marc-Edouard Vlasic is hit by Eric Gelinas and loses puck.
18:59 of 1st period - Icing by Jamie McGinn.
19:00 of 1st period - Yanni Gourde wins face-off versus Eric Fehr in DALLAS Stars zone.
19:23 of 1st period - Off-side.
19:24 of 1st period - Lee Stempniak wins face-off versus Nikita Kucherov in neutral zone.
Goals for this period are 2 for MINNESOTA Wild vs 2 for DALLAS Stars.
Shots for this period are 12 for MINNESOTA Wild vs 8 for DALLAS Stars.

2nd period


0:01 of 2nd period - Yanni Gourde wins face-off versus Lee Stempniak in neutral zone.
0:04 of 2nd period - Ben Hutton is hit by Nikita Kucherov and loses puck.
0:34 of 2nd period - Shot by Connor Murphy.
0:34 of 2nd period - Stopped by Pekka Rinne without a rebound.
0:35 of 2nd period - Ryan Getzlaf wins face-off versus Derek Ryan in MINNESOTA Wild zone.
0:41 of 2nd period - Alex Pietrangelo is hit by Milan Lucic and loses puck.
0:52 of 2nd period - Shot by Milan Lucic.
0:52 of 2nd period - Stopped by Pekka Rinne without a rebound.
0:53 of 2nd period - Tanner Fritz wins face-off versus Vladislav Namestnikov in MINNESOTA Wild zone.
1:32 of 2nd period - Zach Werenski is hit by Scott Hartnell and loses puck.
2:15 of 2nd period - Shot by Alex Pietrangelo.
2:15 of 2nd period - Shot Misses the Net.
2:17 of 2nd period - Shot by James van Riemsdyk.
2:17 of 2nd period - Stopped by Steve Mason with a rebound.
2:19 of 2nd period - Shot by Marc-Edouard Vlasic.
2:19 of 2nd period - Stopped by Steve Mason with a rebound.
2:21 of 2nd period - Shot by Marc-Edouard Vlasic.
2:21 of 2nd period - Shot Misses the Net.
2:27 of 2nd period - Shot by Nikita Kucherov.
2:27 of 2nd period - Shot Misses the Net.
2:29 of 2nd period - Shot by Alex Pietrangelo.
2:29 of 2nd period - Shot Misses the Net.
2:31 of 2nd period - Shot by Ryan Getzlaf.
2:31 of 2nd period - Shot Misses the Net.
3:04 of 2nd period - Derek Ryan is hit by Mark Borowiecki.
3:17 of 2nd period - Mikkel Boedker is hit by Mark Borowiecki and loses puck.
3:43 of 2nd period - Icing by Mikkel Boedker.
3:44 of 2nd period - Derek Ryan wins face-off versus Vladislav Namestnikov in DALLAS Stars zone.
4:03 of 2nd period - Shot by Yanni Gourde.
4:03 of 2nd period - Shot Misses the Net.
4:52 of 2nd period - Shot by Derek Ryan.
4:52 of 2nd period - Shot Blocked by Ron Hainsey.
5:13 of 2nd period - Off-side.
5:14 of 2nd period - Ryan Getzlaf wins face-off versus Eric Fehr in neutral zone.
6:03 of 2nd period - Nikita Kucherov is hit by Dalton Prout and loses puck.
7:17 of 2nd period - Icing by Connor Murphy.
7:18 of 2nd period - Derek Ryan wins face-off versus Ryan Getzlaf in DALLAS Stars zone.
7:18 of 2nd period - Derek Ryan is hit by Nikita Kucherov.
7:27 of 2nd period - Ryan Getzlaf is hit by Connor Murphy and loses puck.
8:22 of 2nd period - Shot by Jean-Gabriel Pageau.
8:22 of 2nd period - Stopped by Steve Mason without a rebound.
8:23 of 2nd period - Sean Monahan wins face-off versus Tanner Fritz in DALLAS Stars zone.
8:36 of 2nd period - Shot by Taylor Hall.
8:36 of 2nd period - Goal by Taylor Hall - MINNESOTA Wild : 3 - DALLAS Stars : 2.
8:37 of 2nd period - Chris Stewart wins face-off versus Vladislav Namestnikov in neutral zone.
8:41 of 2nd period - Lee Stempniak is hit by Alex Pietrangelo and loses puck.
8:53 of 2nd period - Minor Penalty to Yanni Gourde for Elbowing.
8:54 of 2nd period - Jean-Gabriel Pageau wins face-off versus Milan Lucic in MINNESOTA Wild zone.
9:09 of 2nd period - Shot by Jamie McGinn.
9:09 of 2nd period - Deflect By Chris Kunitz.
9:09 of 2nd period - Shot Misses the Net.
9:17 of 2nd period - Shot by Ben Hutton.
9:17 of 2nd period - Shot Misses the Net.
9:19 of 2nd period - Shot by Eric Gelinas.
9:19 of 2nd period - Shot Blocked by Alex Pietrangelo.
10:22 of 2nd period - Shot by Milan Lucic.
10:22 of 2nd period - Stopped by Pekka Rinne without a rebound.
10:23 of 2nd period - Mikkel Boedker wins face-off versus Jean-Gabriel Pageau in MINNESOTA Wild zone.
11:36 of 2nd period - Milan Lucic is hit by Mark Borowiecki and loses puck.
11:47 of 2nd period - Shot by Derek Ryan.
11:47 of 2nd period - Shot Misses the Net.
11:49 of 2nd period - Shot by Derek Ryan.
11:49 of 2nd period - Shot Blocked by Yanni Gourde.
12:37 of 2nd period - Off-side.
12:38 of 2nd period - Ryan Getzlaf wins face-off versus Eric Fehr in neutral zone.
13:06 of 2nd period - Icing by Mark Barberio.
13:07 of 2nd period - Sean Monahan wins face-off versus Eric Fehr in DALLAS Stars zone.
13:10 of 2nd period - Shot by Taylor Hall.
13:10 of 2nd period - Shot Misses the Net.
13:29 of 2nd period - Shot by Taylor Hall.
13:29 of 2nd period - Shot Misses the Net.
14:10 of 2nd period - Ben Hutton is hit by Marc-Edouard Vlasic.
14:12 of 2nd period - Shot by Tanner Fritz.
14:12 of 2nd period - Shot Misses the Net.
14:14 of 2nd period - Shot by Connor Murphy.
14:14 of 2nd period - Stopped by Pekka Rinne without a rebound.
14:15 of 2nd period - Ryan Getzlaf wins face-off versus Lee Stempniak in MINNESOTA Wild zone.
14:23 of 2nd period - Icing by Tyler Ennis.
14:24 of 2nd period - Ryan Getzlaf wins face-off versus Chris Stewart in DALLAS Stars zone.
14:24 of 2nd period - Ryan Getzlaf is hit by Eric Gelinas.
14:32 of 2nd period - Ryan Getzlaf is hit by Chris Stewart and loses puck.
14:46 of 2nd period - Shot by James van Riemsdyk.
14:46 of 2nd period - Shot Misses the Net.
14:48 of 2nd period - Shot by Alex Pietrangelo.
14:48 of 2nd period - Shot Blocked by Dalton Prout.
15:01 of 2nd period - Minor Penalty to Dalton Prout for Interference.
15:02 of 2nd period - Milan Lucic wins face-off versus Yanni Gourde in DALLAS Stars zone.
15:29 of 2nd period - Shot by Yanni Gourde.
15:29 of 2nd period - Stopped by Steve Mason without a rebound.
15:30 of 2nd period - Chris Kunitz wins face-off versus Sean Monahan in DALLAS Stars zone.
15:55 of 2nd period - Shot by Sean Monahan.
15:55 of 2nd period - Shot Misses the Net.
16:01 of 2nd period - Shot by James van Riemsdyk.
16:01 of 2nd period - Shot Misses the Net.
16:03 of 2nd period - Shot by Zach Werenski.
16:03 of 2nd period - Shot Misses the Net.
16:05 of 2nd period - Shot by J.T. Miller.
16:05 of 2nd period - Deflect By James van Riemsdyk.
16:05 of 2nd period - Shot Misses the Net.
16:07 of 2nd period - Shot by Zach Werenski.
16:07 of 2nd period - Stopped by Steve Mason with a rebound.
16:53 of 2nd period - Shot by Nikita Kucherov.
16:53 of 2nd period - Stopped by Steve Mason without a rebound.
16:54 of 2nd period - Scott Hartnell wins face-off versus Yanni Gourde in DALLAS Stars zone.
17:14 of 2nd period - Icing by Tyler Ennis.
17:15 of 2nd period - Vladislav Namestnikov wins face-off versus Chris Stewart in DALLAS Stars zone.
17:37 of 2nd period - Icing by Yanni Gourde.
17:38 of 2nd period - Yanni Gourde wins face-off versus Derek Ryan in MINNESOTA Wild zone.
17:46 of 2nd period - Shot by Vladislav Namestnikov.
17:46 of 2nd period - Stopped by Steve Mason without a rebound.
17:47 of 2nd period - Eric Fehr wins face-off versus Jean-Gabriel Pageau in DALLAS Stars zone.
17:47 of 2nd period - Eric Fehr is hit by Jean-Gabriel Pageau.
17:50 of 2nd period - Connor Murphy is hit by Jean-Gabriel Pageau and loses puck.
18:40 of 2nd period - Off-side.
18:41 of 2nd period - Ryan Getzlaf wins face-off versus Derek Ryan in neutral zone.
19:12 of 2nd period - Shot by Derek Ryan.
19:12 of 2nd period - Shot Misses the Net.
19:14 of 2nd period - Shot by MacKenzie Weegar.
19:14 of 2nd period - Shot Misses the Net.
19:16 of 2nd period - Shot by MacKenzie Weegar.
19:16 of 2nd period - Stopped by Pekka Rinne without a rebound.
19:17 of 2nd period - Sean Monahan wins face-off versus Tanner Fritz in MINNESOTA Wild zone.
19:27 of 2nd period - Shot by Chris Stewart.
19:27 of 2nd period - Shot Misses the Net.
19:29 of 2nd period - Shot by Chris Stewart.
19:29 of 2nd period - Stopped by Pekka Rinne without a rebound.
19:30 of 2nd period - Vladislav Namestnikov wins face-off versus Eric Fehr in MINNESOTA Wild zone.
19:59 of 2nd period - Ben Hutton is hit by Vladislav Namestnikov and loses puck.
Goals for this period are 1 for MINNESOTA Wild vs 0 for DALLAS Stars.
Shots for this period are 8 for MINNESOTA Wild vs 6 for DALLAS Stars.

3rd period


0:01 of 3rd period - Derek Ryan wins face-off versus Ryan Getzlaf in neutral zone.
0:07 of 3rd period - Nikita Kucherov is hit by Ben Hutton and loses puck.
0:14 of 3rd period - Shot by Nikita Kucherov.
0:14 of 3rd period - Stopped by Steve Mason without a rebound.
0:15 of 3rd period - Sean Monahan wins face-off versus Eric Fehr in DALLAS Stars zone.
0:28 of 3rd period - Shot by Eric Fehr.
0:28 of 3rd period - Stopped by Pekka Rinne without a rebound.
0:29 of 3rd period - Ryan Getzlaf wins face-off versus Derek Ryan in MINNESOTA Wild zone.
1:14 of 3rd period - Off-side.
1:15 of 3rd period - Jamie McGinn wins face-off versus Sean Monahan in neutral zone.
1:24 of 3rd period - Zach Werenski is hit by Eric Gelinas and loses puck.
1:32 of 3rd period - Chris Kunitz is hit by Ron Hainsey.
2:34 of 3rd period - Vladislav Namestnikov is hit by Scott Hartnell and loses puck.
3:26 of 3rd period - Mark Barberio is hit by Marc-Edouard Vlasic and loses puck.
4:40 of 3rd period - Alexander Kerfoot is hit by Connor Murphy and loses puck.
5:11 of 3rd period - Shot by Sean Monahan.
5:11 of 3rd period - Shot Misses the Net.
5:13 of 3rd period - Shot by Sean Monahan.
5:13 of 3rd period - Shot Misses the Net.
6:18 of 3rd period - Icing by Marc-Edouard Vlasic.
6:19 of 3rd period - Vladislav Namestnikov wins face-off versus Eric Fehr in MINNESOTA Wild zone.
6:42 of 3rd period - Shot by Ryan Getzlaf.
6:42 of 3rd period - Deflect By James van Riemsdyk.
6:42 of 3rd period - Shot Misses the Net.
7:05 of 3rd period - Shot by Ryan Getzlaf.
7:05 of 3rd period - Stopped by Steve Mason without a rebound.
7:06 of 3rd period - Tanner Fritz wins face-off versus Sean Monahan in DALLAS Stars zone.
7:30 of 3rd period - Ben Hutton is hit by J.T. Miller and loses puck.
7:50 of 3rd period - Off-side.
7:51 of 3rd period - Ryan Getzlaf wins face-off versus Derek Ryan in neutral zone.
9:04 of 3rd period - Shot by Tyler Ennis.
9:04 of 3rd period - Shot Misses the Net.
9:06 of 3rd period - Shot by Tyler Ennis.
9:06 of 3rd period - Stopped by Pekka Rinne without a rebound.
9:07 of 3rd period - Sean Monahan wins face-off versus Chris Stewart in MINNESOTA Wild zone.
9:52 of 3rd period - Sean Monahan is hit by Chris Kunitz and loses puck.
10:11 of 3rd period - Shot by Chris Kunitz.
10:11 of 3rd period - Stopped by Pekka Rinne without a rebound.
10:12 of 3rd period - Ryan Getzlaf wins face-off versus Tanner Fritz in MINNESOTA Wild zone.
10:27 of 3rd period - Shot by Alex Pietrangelo.
10:27 of 3rd period - Shot Misses the Net.
10:49 of 3rd period - Shot by Nikita Kucherov.
10:49 of 3rd period - Goal by Nikita Kucherov - MINNESOTA Wild : 4 - DALLAS Stars : 2.
10:50 of 3rd period - Derek Ryan wins face-off versus Vladislav Namestnikov in neutral zone.
10:56 of 3rd period - Shot by Mikkel Boedker.
10:56 of 3rd period - Stopped by Pekka Rinne without a rebound.
10:57 of 3rd period - Vladislav Namestnikov wins face-off versus Derek Ryan in MINNESOTA Wild zone.
11:21 of 3rd period - Derek Ryan is hit by Zach Werenski and loses puck.
11:32 of 3rd period - Shot by Derek Ryan.
11:32 of 3rd period - Shot Blocked by Ron Hainsey.
11:34 of 3rd period - Shot by Eric Gelinas.
11:34 of 3rd period - Deflect By Derek Ryan.
11:34 of 3rd period - Shot Blocked by Zach Werenski.
11:45 of 3rd period - Minor Penalty to MacKenzie Weegar for Hooking.
11:46 of 3rd period - Sean Monahan wins face-off versus Milan Lucic in DALLAS Stars zone.
12:55 of 3rd period - Shot by Taylor Hall.
12:55 of 3rd period - Stopped by Steve Mason without a rebound.
12:56 of 3rd period - Yanni Gourde wins face-off versus Lee Stempniak in DALLAS Stars zone.
12:59 of 3rd period - Shot by Taylor Hall.
12:59 of 3rd period - Shot Blocked by Ben Hutton.
13:01 of 3rd period - Shot by Nikita Kucherov.
13:01 of 3rd period - Shot Blocked by Ben Hutton.
13:03 of 3rd period - Shot by Zach Werenski.
13:03 of 3rd period - Stopped by Steve Mason without a rebound.
13:04 of 3rd period - Milan Lucic wins face-off versus Yanni Gourde in DALLAS Stars zone.
13:46 of 3rd period - Nikita Kucherov is hit by Chris Stewart and loses puck.
14:06 of 3rd period - Off-side.
14:07 of 3rd period - Ryan Getzlaf wins face-off versus Derek Ryan in neutral zone.
14:10 of 3rd period - Mikkel Boedker is hit by Ryan Getzlaf and loses puck.
14:34 of 3rd period - Mikkel Boedker is hit by Marc-Edouard Vlasic and loses puck.
14:48 of 3rd period - Nikita Kucherov is hit by Connor Murphy and loses puck.
15:13 of 3rd period - Shot by Tanner Fritz.
15:13 of 3rd period - Stopped by Pekka Rinne with a rebound.
15:15 of 3rd period - Shot by Tanner Fritz.
15:15 of 3rd period - Stopped by Pekka Rinne without a rebound.
15:16 of 3rd period - Jean-Gabriel Pageau wins face-off versus Eric Fehr in MINNESOTA Wild zone.
15:21 of 3rd period - Shot by Ron Hainsey.
15:21 of 3rd period - Shot Blocked by Eric Gelinas.
16:03 of 3rd period - Off-side.
16:04 of 3rd period - Sean Monahan wins face-off versus Derek Ryan in neutral zone.
16:11 of 3rd period - Icing by Milan Lucic.
16:12 of 3rd period - Derek Ryan wins face-off versus Ryan Getzlaf in DALLAS Stars zone.
16:23 of 3rd period - Shot by Derek Ryan.
16:23 of 3rd period - Stopped by Pekka Rinne without a rebound.
16:24 of 3rd period - Sean Monahan wins face-off versus Tanner Fritz in MINNESOTA Wild zone.
17:40 of 3rd period - Shot by Ryan Getzlaf.
17:40 of 3rd period - Stopped by Steve Mason without a rebound.
17:41 of 3rd period - Derek Ryan wins face-off versus Vladislav Namestnikov in DALLAS Stars zone.
18:05 of 3rd period - Mikkel Boedker is hit by Mark Borowiecki and loses puck.
18:08 of 3rd period - Shot by Derek Ryan.
18:08 of 3rd period - Stopped by Pekka Rinne without a rebound.
18:09 of 3rd period - Ryan Getzlaf wins face-off versus Eric Fehr in MINNESOTA Wild zone.
18:36 of 3rd period - Shot by Eric Fehr.
18:36 of 3rd period - Stopped by Pekka Rinne without a rebound.
18:37 of 3rd period - Sean Monahan wins face-off versus Derek Ryan in MINNESOTA Wild zone.
18:41 of 3rd period - J.T. Miller is hit by Mikkel Boedker and loses puck.
18:47 of 3rd period - Off-side.
18:48 of 3rd period - Chris Stewart wins face-off versus Vladislav Namestnikov in neutral zone.
19:05 of 3rd period - Shot by Mark Barberio.
19:05 of 3rd period - Shot Misses the Net.
19:07 of 3rd period - Shot by Tyler Ennis.
19:07 of 3rd period - Shot Misses the Net.
19:09 of 3rd period - Shot by Lee Stempniak.
19:09 of 3rd period - Stopped by Pekka Rinne with a rebound.
19:11 of 3rd period - Shot by Mark Barberio.
19:11 of 3rd period - Stopped by Pekka Rinne without a rebound.
19:12 of 3rd period - Derek Ryan wins face-off versus Ryan Getzlaf in MINNESOTA Wild zone.
19:41 of 3rd period - Shot by Milan Lucic.
19:41 of 3rd period - Shot Misses the Net.
19:53 of 3rd period - Off-side.
19:54 of 3rd period - Eric Fehr wins face-off versus Sean Monahan in neutral zone.
Goals for this period are 1 for MINNESOTA Wild vs 0 for DALLAS Stars.
Shots for this period are 6 for MINNESOTA Wild vs 11 for DALLAS Stars.